 Dungeon Crawl Stone Soup version 0.31-a0-702-gf82c85558f (webtiles) character file.

Game seed: 726792655788790111

100 qw the Shooter (level 4, -1/28 HPs)
             Began as a Gargoyle Hunter on Sept 8, 2023.
             Slain by a goblin
             ... wielding a +0 dagger
             ... led by Robin
              (2 damage)
             ... on level 2 of the Dungeon.
             The game lasted 00:00:27 (1024 turns).

qw the Shooter (Gargoyle Hunter)                    Turns: 1024, Time: 00:00:28

Health: -1/28      AC:  6    Str: 14    XL:     4   Next: 73%
Magic:  4/4        EV: 11    Int: 10    God:
Gold:   82         SH:  0    Dex: 15    Spells: 3/3 levels left

rFire   . . .        Y - +0 shortbow
rCold   . . .        (shield currently unavailable)
rNeg    + . .        c - +0 leather armour
rPois   inf          (no helmet)
rElec   +            (no cloak)
rCorr   .            (no gloves)
SInv    .            (no boots)
Will    .....        (no amulet)
Stlth   ++           (no ring)
HPRegen 0.24/turn    (no ring)
MPRegen 0.09/turn

%: no passive effects
@: no status effects
A: sickness immunity, AC +3, negative energy resistance 1, electricity
resistance, torment resistance 1, petrification resistance
a: no special abilities


You were on level 2 of the Dungeon.
You visited 1 branch of the dungeon, and saw 2 of its levels.

You collected 82 gold pieces.


Innate Abilities, Weirdness & Mutations

You are immune to sickness and miasma.
Your stone body is resilient. (AC +3)
You are immune to poison.
You resist negative energy. (rN+)
You are resistant to electric shocks. (rElec)
You are resistant to unholy torment.
You are immune to petrification.


   Skills:
 - Level 3.4 Fighting
 + Level 5.4 Ranged Weapons
 - Level 1.5 Dodging
 - Level 1.1 Stealth


You had 3 spell levels left.
You didn't know any spells.
Your spell library was empty.

Inventory:

Hand Weapons
 Y - a +0 shortbow (weapon)
Armour
 c - a +0 leather armour (worn)
Scrolls
 f - 2 scrolls of identify
Potions
 a - 2 potions of cancellation {unknown}
 b - a potion of lignification {unknown}
 d - 3 potions of curing {unknown}
 e - a potion of berserk rage {unknown}

Dungeon Overview and Level Annotations

Branches:
Dungeon (2/15)

Altars:

Shops:
D:1 *[

Annotations:
D:2 Robin


Message History

You shoot an arrow. The arrow hits the goblin.
You kill the goblin!
Robin throws the goblin at you!
A goblin comes into view. It is wielding a +0 dagger.
The goblin hits you with a +0 club.
You shoot an arrow. The arrow barely misses the goblin.
The arrow hits the adder but does no damage.
The goblin barely misses you.
A hobgoblin comes into view.
The goblin hits you with a +0 club.
You shoot an arrow. The arrow hits the goblin.
The goblin is moderately wounded.
The goblin hits you but does no damage. x2; The goblin hits you with a +0 club.
The goblin hits you with a +0 dagger of electrocution.
A goblin comes into view. It is wielding a +0 dagger.
You shoot an arrow. The arrow barely misses the goblin.
The arrow barely misses the adder.
The goblin hits you but does no damage. The goblin hits you with a +0 club.
The goblin completely misses you.
The goblin hits you with a +0 dagger of electrocution.
You shoot an arrow. The arrow closely misses the goblin.
The arrow barely misses the adder.
The goblin hits you with a +0 dagger. The goblin closely misses you.
The goblin barely misses you.
The goblin hits you with a +0 dagger of electrocution.
You shoot an arrow. The arrow hits the goblin!
You kill the goblin!
The goblin hits you with a +0 club. The goblin barely misses you.
The goblin closely misses you. The adder barely misses you.
The jackal closely misses you.
You shoot an arrow.
The arrow hits the adder but does no damage.
The jackal closely misses you. The adder barely misses you.
The goblin misses you. The goblin hits you but does no damage.
The goblin hits you with a +0 dagger. The jackal bites you.
You shoot an arrow. The arrow barely misses the adder.
The arrow misses the goblin.
The adder closely misses you. The goblin misses you.
The goblin barely misses you. The goblin hits you with a +0 dagger.
You die...

##.#. ...#.# #...#
#..#.# #...# . #..#.#
#...# )# .....# #...#
..[
.....######...######r%)
#..#............hg.g##.#
#..............hggg.....
..##.......<...g@Sg.....
.###.######...#####.##.#
.....# #...# .....#
#...# .##### #...# .#
#######...# .#
#.).......# .#
#.######### #####.####
########


You could see an adder, 2 jackals, a hobgoblin (strong), 6 goblins and a rat.

Vanquished Creatures
  Natasha (twice) (D:2)
  A dart slug (D:1)
  A ball python (D:1)
  3 endoplasms (D:1)
  6 goblins
  11 hobgoblins
  3 quokkas (D:1)
  5 bats (D:1)
  A frilled lizard (D:1)
  5 kobolds
  5 rats (D:1)
43 creatures vanquished.

Notes
Turn   | Place    | Note
-------+----------+-------------------------------------------
     0 | D:1      | qw the Gargoyle Hunter began the quest for the Orb.
     0 | D:1      | Reached XP level 1. HP: 12/12 MP: 1/1
     0 | D:1      | 0 ||| qw: Version: 0.3-a-76-g4403597
     0 | D:1      | 0 ||| qw: Game counter: 1023
     0 | D:1      | 0 ||| qw: Melee chars always use a shield: true
     0 | D:1      | 0 ||| qw: God list: Okawaru
     0 | D:1      | 0 ||| qw: Allow faded altars: false
     0 | D:1      | 0 ||| qw: Do Orc after clearing Dungeon:15 true
     0 | D:1      | 0 ||| qw: Do second Lair branch before Depths: true
     0 | D:1      | 0 ||| qw: Lair rune preference: random
     0 | D:1      | 0 ||| qw: Goals: Normal
     0 | D:1      | 0 ||| PLANNING D:1-11
    41 | D:1      | Found Lijoela's Armour Emporium.
    49 | D:1      | 49 ||| SHOPLISTING +0 pair of boots (45 gold, have 0).
    49 | D:1      | 49 ||| SHOPLISTING +1 hat of Defiance {rF+++ Will- rCorr
                  | Int-5} (419 gold, have 0).
    49 | D:1      | 49 ||| SHOPLISTING +3 robe of the Harp {rPois rCorr Str-5
                  | Int+2} (262 gold, have 0).
   143 | D:1      | Reached XP level 2. HP: 17/17 MP: 2/2
   372 | D:1      | Reached XP level 3. HP: 21/21 MP: 3/3
   504 | D:1      | Reached skill level 5 in Ranged Weapons
   563 | D:1      | Found Vyent's General Store.
   571 | D:1      | 571 ||| SHOPLISTING +0 ring mail (52 gold, have 44).
   571 | D:1      | 571 ||| SHOPLISTING +1 robe of Hubris {Regen+ Str+3 Int-5}
                  | (110 gold, have 44).
   571 | D:1      | 571 ||| SHOPLISTING +4 shortbow of electrocution (383 gold,
                  | have 44).
   594 | D:1      | Found Ylusevvi's Distillery.
   612 | D:1      | 612 ||| READING scroll labelled BAORUU WINA.
   626 | D:1      | 626 ||| READING 2 scrolls labelled ENANWU ZAYDERR.
   627 | D:1      | 627 ||| READING scroll labelled ERGHOBR BACWAUT.
   628 | D:1      | 628 ||| READING scroll labelled ZOEPIDIDOH.
   629 | D:1      | 629 ||| DROPPING scroll of butterflies.
   717 | D:2      | Noticed Natasha
   721 | D:2      | Killed Natasha
   722 | D:2      | Reached skill level 3 in Fighting
   722 | D:2      | Reached XP level 4. HP: 26/28 MP: 4/4
   771 | D:2      | Noticed Natasha
   780 | D:2      | Killed Natasha
  1014 | D:2      | Noticed Robin
  1021 | D:2      | HP: 5/28 [goblin/+0 dagger of electrocution[Robin] (3)]
  1023 | D:2      | HP: 1/28 [jackal (2)]
  1024 | D:2      | Slain by a goblin

Levels and vault maps discovered:
D:1:      dpeg_arrival_water_temple_mockup, layout_basic, serial_shops,
          nicolae_shop_behind_doors, shop, shop, hangedman_feature_mirror,
          amcnicky_mini_pool_small
D:2:      layout_loops_cross, uniq_robin, uniq_natasha

Skill      XL: |  1  2  3 |
---------------+----------+-----
Ranged Weapons | 5 |  5.4
Fighting       | 3 |  3.4
Dodging        | |  1.5
Stealth        | |  1.1

Action                     |  1- 3 |  4- 6 || total
---------------------------+-------+-------++-------
   Fire: Shortbow          |    85 |    27 ||   112
    Use: Scroll            |     4 |       ||     4
 Armour: Leather armour    |    19 |    20 ||    39
  Dodge: Dodged            |    15 |    19 ||    34

Table legend:
 A = Non-vault XP
 B = Vault XP
 C = Vault XP percentage of total XP
 D = Non-vault monster count
 E = Vault monster count
 F = Vault count percentage of total count
                 A         B        C        D         E       F
            +---------+---------+-------+---------+---------+-------
      Total |      87 |      56 |  39.2 |      31 |      12 |  27.9
            +---------+---------+-------+---------+---------+-------
        D:1 |      42 |      10 |  19.2 |      25 |       6 |  19.4
        D:2 |      45 |      46 |  50.5 |       6 |       6 |  50.0
            +---------+---------+-------+---------+---------+-------
